Map: World of Sleepers LE

Players

Dear - Winner!

  • Race: Protoss Protoss
  • Spawn Location: 1:00

Zest

  • Race: Protoss Protoss
  • Spawn Location: 7:00

Event: IEM Katowice 2020

VOD

Have the link to the VOD?

Description

Time

  • Played on: Feb. 29, 2020, 11:34 a.m.
  • Length: 10:18

All games in this series

Show
View Real Time Build Order
Export as new Build Order

Dear Protoss - Winner!

Build Orders:  

Get SALT Encoding   

  12  0:00  Probe  
  13  0:12  Probe  
  14  0:17  Pylon  
  14  0:24  Probe (Chrono Boost)  
  15  0:36  Probe (Chrono Boost), Gateway  
  16  0:44  Probe (Chrono Boost)  
  16  0:45  Assimilator  
  17  0:51  Probe  
  17  0:53  Assimilator  
  18  1:03  Probe (Chrono Boost)  
  19  1:07  Gateway  
  19  1:12  Probe (Chrono Boost)  
  19  1:17  Probe (Chrono Boost)  
  20  1:23  Cybernetics Core  
  21  1:29  Probe  
  22  1:34  Pylon  
  22  1:41  Probe  
  23  1:53  Probe  
  24  1:59  Adept  
  24  2:00  Adept  
  28  2:06  Robotics Facility  
  28  2:09  Warp Gate  
  28  2:17  Pylon  
  30  2:30  Sentry  
  30  2:35  Sentry  
  32  2:39  Gateway  
  32  2:52  Immortal (Chrono Boost)  
  36  3:00  Pylon  
  36  3:05  Pylon  
  36  3:12  Sentry  
  38  3:17  Shield Battery  
  35  3:32  Warp Prism (Chrono Boost)  
  33  3:34  Probe  
  36  3:52  Probe  
  37  3:57  Stalker  
  37  4:01  Observer  
  36  4:04  Probe  
  37  4:10  Stalker  
  34  4:21  Probe (Chrono Boost)  
  36  4:32  Probe (Chrono Boost)  
  36  4:36  Probe (Chrono Boost)  
  37  4:47  Probe, Stalker  
  39  4:59  Probe  
  38  5:11  Probe (Chrono Boost)  
  38  5:13  Stalker  
  41  5:23  Probe (Chrono Boost)  
  41  5:24  Stalker  
  44  5:30  Pylon  
  44  5:32  Probe (Chrono Boost)  
  45  5:41  Probe  
  45  5:53  Probe  
  46  6:05  Probe  
  47  6:17  Probe  
  48  6:20  Stargate  
  48  6:30  Observer  
  49  6:33  Probe, Stalker  
  49  6:36  Pylon  
  52  7:00  Immortal  
  56  7:04  Pylon  
  56  7:05  Phoenix (Chrono Boost)  
  56  7:23  Phoenix (Chrono Boost)  
  58  7:44  Phoenix (Chrono Boost)  
  58  7:45  Nexus  
  59  7:58  Shield Battery x2  
  59  8:00  Shield Battery  
  59  8:10  Phoenix  
  61  8:19  Adept x3  
  67  8:35  Pylon  
  67  8:40  Pylon  
  65  8:42  Adept x2  
  60  8:55  Phoenix  
  46  9:05  Adept x2  
  42  9:25  Observer  
  42  9:29  Probe  
  44  9:35  Nexus  
  44  9:36  Sentry  
  46  9:41  Probe  
  47  9:59  Probe  
  48  10:07  Adept x2  
Show
View Real Time Build Order
Export as new Build Order

Zest Protoss 

Build Orders: Oracle Opening 

Get SALT Encoding   

  12  0:00  Probe  
  13  0:12  Probe  
  14  0:19  Pylon  
  14  0:24  Probe (Chrono Boost)  
  15  0:37  Probe (Chrono Boost), Gateway  
  16  0:45  Probe (Chrono Boost)  
  16  0:46  Assimilator  
  17  0:51  Probe  
  18  1:03  Probe (Chrono Boost)  
  19  1:04  Assimilator  
  19  1:09  Gateway  
  19  1:13  Probe (Chrono Boost)  
  20  1:19  Probe  
  20  1:24  Cybernetics Core  
  21  1:31  Probe  
  22  1:39  Pylon  
  22  1:43  Probe  
  23  1:57  Probe  
  23  2:01  Stargate  
  24  2:06  Adept x2  
  28  2:16  Warp Gate  
  28  2:21  Pylon  
  28  2:35  Probe  
  31  2:41  Oracle (Chrono Boost)  
  36  2:52  Shield Battery  
  36  2:57  Stalker  
  32  3:02  Shield Battery  
  32  3:03  Stalker  
  32  3:29  Oracle (Chrono Boost)  
  34  3:37  Shield Battery x2  
  34  3:39  Pylon  
  34  3:47  Gateway  
  34  4:04  Stalker x2  
  34  4:09  Shield Battery  
  38  4:22  Pylon  
  38  4:25  Shield Battery  
  38  4:28  Zealot  
  38  4:29  Zealot  
  42  4:33  Robotics Facility  
  42  4:43  Pylon  
  42  4:45  Sentry  
  44  4:55  Probe  
  45  5:03  Gateway  
  45  5:10  Adept x2  
  49  5:21  Observer (Chrono Boost)  
  48  5:24  Robotics Bay  
  48  5:34  Immortal (Chrono Boost)  
  52  5:49  Gateway  
  52  6:04  Observer  
  52  6:11  Colossus (Chrono Boost)  
  52  6:15  Gateway  
  58  6:20  Pylon  
  58  6:28  Pylon  
  58  6:45  Pylon  
  58  6:57  Warp Prism  
  58  6:59  Sentry x2  
  64  7:03  Adept  
  64  7:06  Observer  
  66  7:24  Adept x4  
  74  7:31  Pylon  
  74  7:59  Adept x4  
  82  8:30  Adept  
  82  8:31  Adept x2  
  42  9:03  Adept x3  
  42  9:08  Observer  
  25  9:26  Twilight Council  
  25  9:33  Stalker  
  25  9:34  Sentry  
  29  9:40  Sentry  
  29  9:43  Sentry  
  33  9:57  Stalker  

Tags
 
Add a new tag
Caveats
  • Supply blocks, unpowered buildings, or Contaminate may cause inaccurate times.
  • Supply counts are checked every 10 seconds.